 Dungeon Crawl Stone Soup version 0.21-a0-578-gc6e9d75 (webtiles) character file.

12195 4thArraOfDagon the Severer (level 11, -11/86 HPs)
             Began as a Minotaur Abyssal Knight on Dec 18, 2017.
             Was an Elder of Lugonu.
             Mangled by an elephant simulacrum (13 damage)
             ... in an ice cave.
             The game lasted 00:33:56 (6313 turns).

4thArraOfDagon the Severer (MiAK)                   Turns: 6313, Time: 00:33:57

Health: -11/86     AC: 19    Str: 18    XL:     11   Next: 59%
Magic:  16/16      EV:  8    Int: 12    God:    Lugonu [****..]
Gold:   47         SH:  0    Dex: 12    Spells: 2/10 levels left

rFire    . . .     SeeInvis .   E - +9 executioner's axe (freeze)
rCold    + . .     Gourm    .   (shield currently unavailable)
rNeg     . . .     Faith    .   N - +8 chain mail of the Endless Expanse {Dex+3}
rPois    .         Spirit   .   (helmet restricted)
rElec    .         Reflect  .   m - +0 cloak
rCorr    .         Harm     .   H - +0 pair of gloves
MR       .....                  (no boots)
Stlth    ..........             J - amulet of regeneration
HPRegen  0.64/turn              z - ring of ice
MPRegen  0.15/turn              g - ring of protection from fire

@: no status effects
A: retaliatory headbutt, horns 2
a: Depart the Abyss, Bend Space, Banish, Corrupt, Renounce Religion


You were in an ice cave.
You worshipped Lugonu.
Lugonu was greatly pleased with you.
You were not hungry.

You visited 1 branch of the dungeon, and saw 13 of its levels.
You visited the Abyss 1 time.
You visited 1 bazaar.
You also visited: Sewer, Ossuary and Ice Cave.

You collected 677 gold pieces.
You spent 630 gold pieces at shops.

Inventory:

Hand Weapons
 a - a +2 hand axe
 y - a +0 war axe
 B - the cursed +1 spear "Irieheas" {venom, rElec rF+ MP+9 Str-5}
   (You found it on level 7 of the Dungeon)

   It poisons the flesh of those it strikes.
   It affects your strength (-5).
   It protects you from fire.
   It insulates you from electricity.
   It affects your magic capacity (+9).
   It has a curse placed upon it.
 E - a +9 executioner's axe of freezing (weapon)
Missiles
 p - a throwing net (quivered)
Armour
 b - a +0 leather armour
 e - the +2 leather armour of Disguise {rElec rPois rF+ rN+}
   (You found it on level 10 of the Dungeon)

   It protects you from fire.
   It insulates you from electricity.
   It protects you from poison.
   It protects you from negative energy.
 f - a +0 scale mail
 m - a +0 cloak (worn)
 s - a +1 chain mail
 F - a +0 troll leather armour
 H - a +0 pair of gloves (worn)
 N - the +8 chain mail of the Endless Expanse (worn) {Dex+3}
   (You bought it in a shop in a bazaar)

   It affects your dexterity (+3).
Jewellery
 g - a ring of protection from fire (right hand)
 z - a ring of ice (left hand)
 J - an amulet of regeneration (around neck)
Wands
 k - a wand of polymorph (10)
 G - a wand of disintegration (16)
Scrolls
 d - 3 scrolls of teleportation
 i - 3 scrolls of fog
 l - 6 scrolls of blinking
 r - a scroll of enchant armour
 t - 3 scrolls of remove curse
 v - 3 scrolls of random uselessness
 w - a scroll of holy word
 x - 2 scrolls of magic mapping
 A - a scroll of fear
 D - a scroll of immolation
 K - a scroll of amnesia
Potions
 h - 2 potions of degeneration
 j - 4 potions of curing
 n - a potion of agility
 o - 2 potions of haste
 q - a potion of might
 u - 3 potions of flight
 C - a potion of mutation
 I - a potion of cancellation {unknown}
Comestibles
 c - 16 rations
 L - 3 chunks of flesh


   Skills:
 - Level 5.0 Fighting
 * Level 17.8 Axes
 - Level 4.2 Armour
 - Level 3.3 Dodging
 - Level 8.0 Invocations


You had 2 spell levels left.
You knew the following spells:

 Your Spells              Type           Power        Failure   Level  Hunger
a - Regeneration          Chrm/Necr      #.........   100%        3    ####...
b - Spectral Weapon       Hex/Chrm       #.......     100%        3    ####...
c - Song of Slaying       Chrm           #.......     99%         2    ###....


Dungeon Overview and Level Annotations

Branches:
Dungeon (13/15)            Temple (0/1) D:4            Lair (0/6) D:10
    Orc (0/2) D:12
 Vaults: D:13-14

Altars:
Dithmenos
Fedhas
Gozag
Okawaru
Qazlal
The Shining One

Shops:
D:6 (

Annotations:
D:3 M4edhros's ghost, weakling OpNe
D:5 Ratty's ghost, novice MiBe
D:12 corrupted


Innate Abilities, Weirdness & Mutations

You reflexively headbutt those who attack you in melee.
You have a pair of horns on your head.


Message History

There is an ice choked empty arch of ancient stone here.
Unknown command.
You completely miss the elephant simulacrum.
The elephant simulacrum is severely damaged.
Unknown command.
Unknown command.
Unknown command.
There is an ice covered gate leading back out of this place here.
Unknown command.
You slash the death yak simulacrum! You headbutt the death yak simulacrum.
The death yak simulacrum is almost destroyed.
You completely miss the elephant simulacrum.
The death yak simulacrum gores you!
* * * LOW HITPOINT WARNING * * *
The death yak simulacrum freezes you! You resist.
* * * LOW HITPOINT WARNING * * *
The elephant simulacrum tramples you.
* * * LOW HITPOINT WARNING * * *
The elephant simulacrum freezes you! You resist.
You die...

#####
##...##
##..@..##
#..ZZZ..#
#...∩...#
##.....##
##...##
#...#
##...#
#...#
...##


You could see 2 death yak simulacra and an elephant simulacrum.

Vanquished Creatures
  A centaur warrior (D:13)
  A two-headed ogre (D:12)
  3 ugly things
  Psyche (D:11)
  2 ice devils (D:13)
  A troll (D:11)
  2 hippogriffs
  Prince Ribbit (D:8)
  Grinder (D:3)
  A wyvern (D:12)
  4 yaks
  A basilisk (D:9)
  A soldier ant (D:9)
  2 hell hounds (D:10)
  A water moccasin (D:10)
  A sky beast (D:11)
  An orc warrior (D:4)
  A black bear (D:10)
  3 ice beasts
  7 centaurs
  An ogre (D:7)
  A phantom (D:12)
  A big kobold (Sewer)
  3 bullfrogs
  A gnoll sergeant (D:7)
  A water moccasin skeleton (D:8)
  2 wyvern skeletons
  17 killer bees
  An elephant simulacrum (IceCv)
  5 howler monkeys
  A crimson imp (D:12)
  2 quasits
  2 bullfrog zombies
  9 orc wizards
  4 bullfrog skeletons
  4 hounds
  5 jellies
  2 centaur zombies (Ossuary)
  5 orc priests
  Crazy Yiuf (D:3)
  Jessica (D:3)
  Natasha (D:2)
  An iguana (D:8)
  5 worker ants
  5 big kobold zombies (Ossuary)
  3 hound skeletons
  5 mummies (Ossuary)
  3 worker ant zombies
  16 adders
  4 gnolls (D:7)
  3 shadow imps
  An ooze (D:1)
  2 adder skeletons
  3 worms (Sewer)
  2 dart slugs (D:1)
  8 leopard geckos
  31 orcs
  16 ball pythons
  2 bats
  4 giant cockroaches
  2 goblins
  7 hobgoblins
  25 jackals
  2 quokkas
  3 frilled lizards
  5 hobgoblin zombies (Ossuary)
  A jackal skeleton (D:4)
  10 kobolds
  A leopard gecko zombie (D:5)
  2 quokka zombies
  15 rats
  3 plants (D:10)
296 creatures vanquished.

Vanquished Creatures (others)
  3 two-headed ogres
  2 unseen horrors
  A deep elf mage (D:12)
  An oklob plant (D:10)
  2 manticores (D:11)
  An ugly thing (D:12)
  A cyclops (D:12)
  A queen bee (D:9)
  A hornet (D:10)
  2 yaks (D:12)
  A basilisk (D:12)
  A soldier ant (D:12)
  An orc warrior (D:12)
  A black bear (D:12)
  A scorpion (D:12)
  2 killer bees (D:8)
  An oklob sapling (D:10)
  A centaur skeleton (D:12)
  An iguana (D:12)
  5 orcs (D:12)
  2 starspawn tentacles (D:12)
32 creatures vanquished.

Grand Total: 328 creatures vanquished

Notes
Turn   | Place    | Note
-------+----------+-------------------------------------------
     0 | Abyss:1  | 4thArraOfDagon the Minotaur Abyssal Knight began the quest for the Orb.
     0 | Abyss:1  | Reached XP level 1. HP: 19/19 MP: 1/1
    43 | Abyss:2  | Noticed an air elemental
    47 | D:1      | Escaped the Abyss
   105 | D:1      | Reached * piety under Lugonu
   106 | D:1      | Reached XP level 2. HP: 6/27 MP: 2/2
   171 | D:1      | Reached skill level 3 in Axes
   240 | D:1      | Reached XP level 3. HP: 6/33 MP: 3/3
   383 | D:1      | Reached ** piety under Lugonu
   544 | D:2      | Reached XP level 4. HP: 21/40 MP: 4/4
   609 | D:3      | Noticed Jessica
   613 | D:3      | Killed Jessica
   680 | D:3      | Reached skill level 4 in Axes
   684 | D:3      | Noticed Grinder
   684 | D:3      | Paralysed by Grinder for 7 turns
   757 | D:2      | Found a blossoming altar of Fedhas.
   787 | D:2      | Noticed Natasha
   800 | D:2      | Killed Natasha
   800 | D:2      | Reached XP level 5. HP: 20/47 MP: 5/5
   892 | D:2      | Found a stormy altar of Qazlal.
   960 | D:3      | Killed Grinder
   960 | D:3      | Reached skill level 5 in Axes
   960 | D:3      | Reached XP level 6. HP: 41/53 MP: 4/7
  1056 | D:3      | Noticed M4edhros's ghost (weakling OpNe)
  1187 | D:4      | Found a staircase to the Ecumenical Temple.
  1257 | D:3      | Found an opulent altar of Gozag.
  1259 | D:3      | Found an iron altar of Okawaru.
  1316 | D:4      | Noticed an orc warrior
  1324 | D:4      | Killed an orc warrior
  1324 | D:4      | Reached skill level 5 in Fighting
  1343 | D:4      | Reached XP level 7. HP: 10/61 MP: 3/8
  1427 | D:5      | Entered Level 5 of the Dungeon
  1563 | D:5      | Reached *** piety under Lugonu
  1566 | D:5      | Reached skill level 6 in Axes
  1753 | D:5      | Found a glowing drain.
  1781 | Sewer    | Entered a sewer
  1954 | Sewer    | Reached skill level 7 in Axes
  2039 | D:5      | Noticed Ratty's ghost (novice MiBe)
  2177 | D:6      | Found a sand-covered staircase.
  2182 | Ossuary  | Entered an ossuary
  2203 | Ossuary  | Reached **** piety under Lugonu
  2369 | Ossuary  | Reached XP level 8. HP: 39/68 MP: 10/10
  2532 | D:6      | Reached skill level 8 in Axes
  2653 | D:6      | Reached skill level 5 in Invocations
  2715 | D:6      | Found Mudix's Antique Weapon Emporium.
  3032 | D:7      | Reached skill level 9 in Axes
  3181 | D:7      | Got a crude spear
  3186 | D:7      | Identified the cursed +1 spear "Irieheas" {venom, rElec rF+ MP+9 Str-5} (You found it on level 7 of the Dungeon)
  3258 | D:8      | Noticed a two-headed ogre
  3261 | D:8      | Banished a two-headed ogre
  3261 | D:8      | Reached skill level 10 in Axes
  3261 | D:8      | Reached XP level 9. HP: 61/74 MP: 9/12
  3273 | D:8      | Noticed Prince Ribbit
  3324 | D:8      | Noticed a two-headed ogre
  3326 | D:8      | Banished a two-headed ogre
  3326 | D:8      | Reached skill level 11 in Axes
  3461 | D:8      | Killed Prince Ribbit
  3485 | D:8      | Reached skill level 12 in Axes
  3843 | D:8      | Noticed a purple ugly thing
  3856 | D:8      | Killed a purple ugly thing
  3856 | D:8      | Reached XP level 10. HP: 47/81 MP: 9/15
  3939 | D:6      | Bought a glowing executioner's axe for 364 gold pieces
  4032 | D:10     | Entered Level 10 of the Dungeon
  4033 | D:10     | Banished an unseen horror
  4033 | D:10     | Reached skill level 13 in Axes
  4069 | D:10     | Got an ancient leather armour
  4080 | D:10     | Identified the +2 leather armour of Disguise {rElec rPois rF+ rN+} (You found it on level 10 of the Dungeon)
  4172 | D:10     | Found a staircase to the Lair.
  4357 | D:10     | Found a blossoming altar of Fedhas.
  4374 | D:10     | Reached ***** piety under Lugonu
  4380 | D:10     | Noticed an oklob plant
  4381 | D:10     | Reached skill level 14 in Axes
  4457 | D:10     | Banished an oklob plant
  4664 | D:3      | Found a runed door.
  4668 | D:3      | Noticed Crazy Yiuf
  4670 | D:3      | Killed Crazy Yiuf
  4931 | D:9      | p0werm0de: ahy
  4973 | D:9      | Found a glowing golden altar of the Shining One.
  5201 | D:9      | Reached skill level 15 in Axes
  5334 | D:11     | Noticed a manticore
  5357 | D:11     | Noticed a manticore
  5358 | D:11     | Banished a manticore
  5362 | D:11     | Found a shadowy altar of Dithmenos.
  5404 | D:11     | Noticed a purple ugly thing
  5411 | D:11     | Killed a purple ugly thing
  5432 | D:11     | Noticed a green ugly thing
  5440 | D:11     | Killed a green ugly thing
  5541 | D:11     | Noticed Psyche
  5546 | D:11     | Killed Psyche
  5546 | D:11     | Reached skill level 16 in Axes
  5546 | D:11     | Reached XP level 11. HP: 79/86 MP: 16/16
  5602 | D:11     | p0werm0de: https://soundcloud.com/kamelkollektivet/kamelkollektivet-kater-blau-28052016
  5677 | D:12     | Noticed a deep elf mage
  5682 | D:12     | Noticed a white ugly thing
  5731 | D:12     | Killed an unseen horror
  5759 | D:12     | Found a staircase to the Orcish Mines.
  5762 | D:12     | Corrupted D:12
  5762 | D:12     | Noticed a bone dragon
  5762 | D:12     | Noticed a spatial maelstrom
  5762 | D:12     | Noticed a thrashing horror
  5762 | D:12     | Noticed a tentacled starspawn
  5764 | D:12     | Killed a deep elf mage
  5798 | D:12     | Noticed a thrashing horror
  5852 | D:12     | Killed a white ugly thing
  5904 | D:12     | Noticed a two-headed ogre
  5909 | D:12     | Killed a two-headed ogre
  5909 | D:12     | Reached skill level 17 in Axes
  5915 | D:12     | Noticed a two-headed ogre
  5916 | D:12     | Banished a two-headed ogre
  6075 | D:12     | Found a flickering gateway to a bazaar.
  6084 | Bazaar   | Entered a bazaar
  6098 | Bazaar   | Found Leceg's Magic Scroll Shoppe.
  6113 | Bazaar   | Found Ifol's Armour Shoppe.
  6128 | Bazaar   | Found Muemm's Assorted Antiques.
  6128 | Bazaar   | Found Xaoxixis's Book Emporium.
  6155 | Bazaar   | Bought a slimy chain mail for 266 gold pieces
  6155 | Bazaar   | Identified the +8 chain mail of the Endless Expanse {Dex+3} (You bought it in a shop in a bazaar)
  6225 | D:13     | Noticed a centaur warrior
  6234 | D:13     | Killed a centaur warrior
  6252 | D:13     | Learned a level 3 spell: Regeneration
  6256 | D:13     | Learned a level 3 spell: Spectral Weapon
  6259 | D:13     | Learned a level 2 spell: Song of Slaying
  6279 | D:13     | Found a frozen archway.
  6302 | IceCv    | Entered an ice cave
  6313 | IceCv    | HP: 4/86 [death yak simulacrum (8)]
  6313 | IceCv    | Mangled by an elephant simulacrum

Vault maps used:
D:1:      dpeg_arrival_erosion, minmay_misc_feat_rugged, minmay_pentomino_z4
D:2:      lemuel_doored_altar, marbit_many_paths, kennysheep_boxes, uniq_natasha
D:3:      minitemple, first_ration, uniq_jessica, uniq_grinder,
          uniq_crazy_yiuf_cottage
D:4:      lemuel_round_altar, temple_pool_b, hex_large,
          kennysheep_big_empty_room
D:5:      grunt_temple_overflow_champion_of_chaos, portal_sewer_entry_a,
          nemelex_dance_club_becter
D:6:      serial_shops, shop, enter_ossuary_5
D:8:      uniq_prince_ribbit1
D:9:      lemuel_round_altar, serial_co_window_serial, co_window_paths_a,
          co_window_of_opportunity_a, co_window_corner_a,
          co_window_of_opportunity_a, co_window_paths_b, co_window_corner_a,
          co_window_of_opportunity_a, co_window_corner_ca, co_window_broadway_b,
          co_window_2corner, co_window_paths_e, co_window_4corner_b,
          david_nohive_1
D:10:     minmay_lair_entry_lava, introduction_to_nature_2
D:11:     basic_altar, uniq_psyche
D:12:     orc_david_3, serial_shops, bzr_firewalk
D:13:     portal_ice_cave_demonic_guard, minmay_orc_keep
Abyss:1:  evilmike_abyss_exit_11
Bazaar:   bazaar_short_row
Sewer:    sewer_co_15_rooms
Ossuary:  ossuary_the_hunt_dpeg
IceCv:    ice_cave_small_necro

Skill      XL: |  1  2  3  4  5  6  7  8  9 10 11 |
---------------+----------------------------------+-----
Invocations    | 2 3 4 6 8 |  8.0
Axes           | 3 4 5 7 10 12 16 17 | 17.8
Fighting       | 4 5 |  5.0
Armour         | 3 4 |  4.2
Dodging        | 2 3 |  3.3

Action                   |  1- 3 |  4- 6 |  7- 9 | 10-12 || total
-------------------------+-------+-------+-------+-------++-------
Melee: Hand axe          |    90 |   109 |   256 |       ||   455
       Headbutt          |     8 |    14 |    64 |    26 ||   112
       War axe           |       |       |   133 |     2 ||   135
       Executioner's axe |       |       |       |   196 ||   196
Throw: Throwing net      |       |       |     1 |     2 ||     3
Invok: Depart the Abyss  |     1 |       |       |       ||     1
       Banish            |       |       |     4 |    11 ||    15
       Corrupt           |       |       |       |     1 ||     1
Evoke: Wand              |       |     3 |    16 |     5 ||    24
  Use: Potion            |     1 |     2 |     6 |     5 ||    14
       Scroll            |       |     4 |    15 |    15 ||    34
 Stab: Sleeping          |     1 |       |       |       ||     1
       Invisible         |       |       |       |     1 ||     1
       Held in net/web   |       |       |       |     1 ||     1
  Eat: Chunk             |       |     2 |     9 |    10 ||    21
       Ration            |       |       |       |     1 ||     1
Armor: Leather armour    |     6 |       |       |    30 ||    36
       Scale mail        |    29 |    41 |       |       ||    70
       Chain mail        |       |       |   199 |    31 ||   230
       Skin              |       |       |       |    21 ||    21
       Troll leather arm |       |       |       |     6 ||     6
Dodge: Dodged            |    55 |    43 |   191 |   137 ||   426

Table legend:
 A = Spawn XP
 B = Non-spawn XP
 C = Spawn XP percentage of total XP
 D = Spawn monster count
 E = Non-spawn monster count
 F = Spawn count percentage of total count
 G = Total turns spent on level
                    A         B        C        D         E        F      G
               +---------+---------+-------+---------+---------+-------+---------
         Total |       0 |   17422 |   0.0 |       0 |     306 |   0.0 |  6313
               +---------+---------+-------+---------+---------+-------+---------
           D:1 |       0 |      61 |   0.0 |       0 |      30 |   0.0 |   392
           D:2 |       0 |      95 |   0.0 |       0 |      21 |   0.0 |   428
           D:3 |       0 |     358 |   0.0 |       0 |       6 |   0.0 |   289
           D:4 |       0 |     294 |   0.0 |       0 |      15 |   0.0 |   391
           D:5 |       0 |     222 |   0.0 |       0 |      16 |   0.0 |   521
           D:6 |       0 |     226 |   0.0 |       0 |      14 |   0.0 |   501
           D:7 |       0 |     643 |   0.0 |       0 |      29 |   0.0 |   390
           D:8 |       0 |    3073 |   0.0 |       0 |      31 |   0.0 |   665
           D:9 |       0 |    1206 |   0.0 |       0 |      15 |   0.0 |   571
          D:10 |       0 |    2274 |   0.0 |       0 |      32 |   0.0 |   608
          D:11 |       0 |    3370 |   0.0 |       0 |      22 |   0.0 |   421
          D:12 |       0 |    2769 |   0.0 |       0 |      26 |   0.0 |   407
          D:13 |       0 |    2273 |   0.0 |       0 |       9 |   0.0 |    77
         Sewer |       0 |     186 |   0.0 |       0 |      22 |   0.0 |   253
       Ossuary |       0 |     314 |   0.0 |       0 |      17 |   0.0 |   239
         IceCv |       0 |      58 |   0.0 |       0 |       1 |   0.0 |    11
               +---------+---------+-------+---------+---------+-------+---------
